[Event "Cairns Cup 2024"]
[Site "Saint Louis"]
[Date "2024.06.16"]
[Round "4.1"]
[White "Paehtz, Elisabeth"]
[Black "Muzychuk, Mariya"]
[Result "1/2-1/2"]
[ECO "A11"]
[WhiteElo "2457"]
[BlackElo "2510"]
[Annotator "TA"]
[PlyCount "116"]
[EventDate "2024.06.13"]
[EventType "tourn"]
[EventCountry "USA"]
[SourceTitle "playchess.com"]
[Source "ChessBase"]
[SourceQuality "1"]
[TimeControl "40/5400+30:1800+30"]

1. Nf3 d5 2. g3 g6 3. c4 c6 4. Qa4 d4 5. Bg2 Bg7 6. O-O {[%emt 0:00:00] A11: English Opening: 1...c6.} e5 7. d3 Ne7 8. e3 dxe3 9. fxe3 $146 ({Predecessor:} 9. Bxe3 O-O 10. Nc3 Nf5 11. Bc5 Re8 12. Rfe1 b6 13. Ba3 Bb7 14. c5 b5 15. Qe4 {1-0 Zeng,C (2535)-Xiang,Z (2313) CHN-ch rapid 2019 (1)}) 9... O-O 10. Nc3 Na6 11. Qa3 c5 12. Qb3 Nb4 13. Ne1 Rb8 14. Qd1 Be6 15. a3 Nbc6 16. e4 Nd4 17. Nd5 Nxd5 18. cxd5 Bd7 19. Be3 b5 20. Nc2 Nb3 21. Rb1 Rc8 22. Na1 Nd4 23. Nc2 Qb6 24. Qd2 a5 25. b3 Rc7 26. Bf2 h5 27. Rfc1 Kh7 28. Nxd4 exd4 29. Rf1 Be5 30. Be1 Ra7 31. Qc2 Qd6 32. Rc1 b4 33. a4 Rc7 34. Bd2 h4 35. Bf4 hxg3 36. hxg3 f6 37. Bh3 Bxh3 38. Qh2 Kg7 (38... Bxf4 39. Rxf4 f5 40. Qxh3+ Kg8 41. Rh4 $18 (41. exf5 Rh7 $11)) (38... Kg8 $11 39. Qxh3 f5 (39... Rh7 40. Bxe5 Qxe5 41. Qg4 $16)) 39. Qxh3 $16 Rh8 40. Qg4 Rh5 (40... Rf7 $142) 41. Rc2 (41. Rf3 $142) 41... Rf7 $16 42. Rcf2 (42. Bxe5 $16 Qxe5 43. Qf4 (43. Rxc5 Rg5 $15)) 42... Rf8 (42... f5 $11 {remains equal.} 43. Bxe5+ Qxe5) 43. Bxe5 $1 $16 Rxe5 {[%emt 0:00:06] [#]} (43... Qxe5 $16 {was worth a try.} 44. Rf5 Rxf5 45. Rxf5 Qd6) 44. Rf5 $2 (44. Qf4 $1 $18) 44... Rxf5 $11 45. Rxf5 (45. exf5 $11 g5 46. Re1 Qxd5 47. Re7+ Rf7 48. Re6) 45... Re8 $2 (45... Qd7 $1 $15 {keeps the upper hand.}) 46. Rf4 ({Better is} 46. Rf1 $16) 46... Re7 $2 (46... Re5 $11 {and Black has nothing to worry.}) 47. Kf2 $2 (47. Rf2 $18) 47... Rc7 $2 (47... c4 $1 $11 48. dxc4 d3) 48. Rf3 Rf7 49. Qf4 Qe7 50. g4 Qe5 {[%emt 0:00:54] [#]} 51. Qxe5 ({White should try} 51. Kg2 $1 $16) 51... fxe5 $11 52. Rxf7+ Kxf7 53. g5 Ke7 54. Ke2 Kd6 55. Kd2 Ke7 56. Ke2 Kd6 57. Kd2 Ke7 58. Ke2 Kd6 1/2-1/2

[Event "Cairns Cup 2024"]
[Site "Saint Louis"]
[Date "2024.06.16"]
[Round "4.2"]
[White "Tan, Zhongyi"]
[Black "Zatonskih, Anna"]
[Result "1-0"]
[ECO "C13"]
[WhiteElo "2540"]
[BlackElo "2327"]
[Annotator "TA"]
[PlyCount "39"]
[EventDate "2024.06.13"]
[EventType "tourn"]
[EventCountry "USA"]
[SourceTitle "playchess.com"]
[Source "ChessBase"]
[SourceQuality "1"]
[TimeControl "40/5400+30:1800+30"]

1. e4 e6 2. d4 d5 3. Nc3 Nf6 4. Bg5 dxe4 5. Nxe4 Be7 6. Bxf6 Bxf6 7. Nf3 O-O 8. Nxf6+ Qxf6 9. Bd3 {[%emt 0:00:00] [#]} c5 $1 10. dxc5 (10. c3 $11) (10. Qe2 cxd4) 10... Qxb2 $15 11. O-O Nd7 12. Rb1 (12. Qe2 $11 {remains equal.}) 12... Qxa2 $17 13. Rb4 Qd5 (13... Nxc5 $2 14. Bxh7+ Kh8 15. Rh4 $18) 14. Re1 h6 (14... Nxc5 15. Re5 Qc6 16. Bxh7+ Kxh7 17. Rh5+ Kg8 18. Ne5 $18 (18. Rbh4 f6 $11)) 15. Qd2 Nxc5 {[%emt 0:11:34] [#]} (15... Re8 $11) 16. Re5 $1 $16 {[%emt 0:14:37] And now Rg4 would win. White is more active.} Qc6 (16... Nxd3 $16 {was worth a try.} 17. Rxd5 Nxb4) 17. Rg4 $18 Nxd3 $2 (17... f5 $18 18. Qxh6 Rf7 (18... fxg4 $2 {is the wrong capture.} 19. Rg5 $18) 19. Rxc5 Qxc5) 18. Qxh6 $1 {[%emt 0:01:50][%csl Gh6][%cal Rg4g7] White mates.} g6 19. Rxg6+ fxg6 20. Qxg6+ {[%emt 0:00:06] Weighted Error Value: White=0.08 (flawless) /Black=0.81.  Mistake:       	White=1     	Black=3      OK:         	White=2     	Black=2      Best:        	White=1     	Black=1      Strong:       	White=2     	---} 1-0

[Event "Cairns Cup 2024"]
[Site "Saint Louis"]
[Date "2024.06.16"]
[Round "4.3"]
[White "Dzagnidze, Nana"]
[Black "Muzychuk, Anna"]
[Result "1/2-1/2"]
[ECO "D35"]
[WhiteElo "2506"]
[BlackElo "2505"]
[Annotator "TA"]
[PlyCount "198"]
[EventDate "2024.06.13"]
[EventType "tourn"]
[EventCountry "USA"]
[SourceTitle "playchess.com"]
[Source "ChessBase"]
[SourceQuality "1"]
[TimeControl "40/5400+30:1800+30"]

1. d4 d5 2. c4 e6 3. Nc3 c6 4. cxd5 exd5 5. Bf4 Nf6 6. e3 Bf5 7. Bd3 Bxd3 8. Qxd3 Nbd7 9. h3 Be7 10. Nf3 O-O 11. O-O a5 12. Rac1 Re8 13. Rfd1 Nb6 14. Qc2 Bd6 15. Bxd6 Qxd6 16. Ne5 Nfd7 17. Nd3 a4 18. Re1 h6 19. Rcd1 Qg6 20. Re2 Ra5 21. Rde1 Rea8 22. e4 dxe4 23. Nxe4 Nd5 {[%emt 0:03:24] Prevents Re3} 24. Nec5 Nxc5 25. dxc5 Rf8 26. Qc4 Qg5 27. a3 Raa8 28. Re4 Rfd8 29. Nb4 (29. g3 $14) 29... Qd2 30. R1e2 Qd1+ 31. Kh2 Qb1 (31... Qb3 $11 {remains equal.}) 32. Nd3 Qd1 $1 33. Nb4 Qb1 34. Re5 Nxb4 35. axb4 (35. Qxb4 $14 Rd1 36. Re8+ Rxe8 37. Rxe8+ Kh7 38. Qxa4) 35... Rd7 $11 36. Re7 Rxe7 37. Rxe7 {[%emt 0:00:03][%mdl 4096] Endgame. KQR-KQR} Qf5 38. Qd4 $40 {[%emt 0:02:21][%cal Of2f3][%mdl 128] White has some attack.} a3 39. bxa3 (39. Rxb7 $2 a2 40. Re7 a1=Q $19 (40... a1=B $2 41. f4 $19)) 39... Rxa3 40. Rxb7 (40. f3 $1 $14) 40... Rd3 41. Qg4 Qe5+ 42. f4 (42. g3 $5 Qd5 $8 43. Re7 $11) 42... Qd5 (42... Qf6 $1 $11) 43. Re7 $14 Rd2 44. Re2 Rxe2 45. Qxe2 {[%emt 0:00:03] KQ-KQ} Qd4 (45... g6 $16) 46. Qe8+ $18 Kh7 47. Qxf7 (47. Qxc6 $6 Qxf4+ 48. Kg1 Qxb4 $14) 47... Qxb4 48. Qf5+ Kh8 (48... Kg8 $16 49. Qe5 Kh7) 49. Qe5 (49. Qc8+ $1 $18 {is the precise move to win.} Kh7 50. Qxc6 Qxf4+ 51. Kg1) 49... Kh7 $16 50. h4 (50. Kg3 $16 {And now Qf5+ would win.} Qb1 51. Qe6) 50... Qc4 (50... Qa4 $14) 51. h5 ({White should play} 51. Qf5+ $16 Kh8 52. Qc8+ Kh7 53. Qxc6 Qxf4+ 54. Kh3) 51... Qf7 52. Qe4+ Kh8 $2 ({Black should try} 52... Kg8 $14) 53. Qe5 $2 (53. Qxc6 Qxf4+ 54. Kh3 Qf5+ 55. Kg3 Qxh5 $14) (53. Kg3 $18 Qb3+ 54. Kh4) 53... Qd7 54. Kg3 Qd3+ 55. Kg4 {[%emt 0:00:28] Strongly threatening Qe8+.} Qd1+ $2 (55... Qd7+ $1 $11 56. Kg3 Qd3+ 57. Kh2 Qd8) 56. Kh3 $2 (56. Kf5 $1 $18) 56... Qd3+ $11 57. Kh2 Qd7 {[%emt 0:00:08] Prevents Qe8+} 58. Qe4 Qg4 $2 {[%emt 0:00:15] [#] Against f5} (58... Qf7 $1 $11) 59. Qe8+ $2 (59. Qxc6 Qh4+ 60. Kg1 Qe1+ 61. Kh2 Qh4+ 62. Kg1 Qe1+ 63. Kh2 Qh4+ $11) (59. Kg1 $1 $18) 59... Kh7 60. Qe5 Kh8 61. Kg1 {[%emt 0:00:36] Hoping for Qe8+.} Qd1+ $1 62. Kf2 {[%emt 0:00:02] Qe8+ is the strong threat.} Qd2+ 63. Kg3 Qd3+ 64. Kh4 Qd8+ 65. Kh3 {[%emt 0:00:05] Black must now prevent Qe4.} Qd3+ 66. g3 Qf1+ $2 (66... Qf3 $11) 67. Kh4 $2 ({Only move:} 67. Kg4 $18) 67... Qh1+ $2 (67... Qf3 $1 $11 {and Black has nothing to worry.}) 68. Kg4 $18 Qd1+ 69. Kf5 Qxh5+ {[%emt 0:00:09] [#]} 70. Ke6 $1 (70. Ke4 Qd1 $11) 70... Qg6+ 71. Kd7 Qxg3 72. Kxc6 Qf3+ 73. Kb6 (73. Kc7 $142 Kg8 74. c6 Kf7 75. f5 Qh5 76. Qe6+ Kf8 77. Kd7 Qf7+ 78. Kd8 (78. Qxf7+ Kxf7 79. c7 Kf6 80. c8=Q Kxf5 81. Kd6+ Kf4 82. Kd5 h5)) 73... Qb3+ 74. Kc7 Qf7+ 75. Kd8 {[%emt 0:00:06] Intending Qe8+ and mate.} Qb7 76. Qd6 {[%emt 0:02:27] c6 would kill now.} Qa8+ 77. Ke7 {[%emt 0:00:47] White threatens c6 and mate.} Qb7+ 78. Qd7 (78. Kd8 Qa8+ 79. Kd7 Qb7+ 80. Qc7 (80. Kd8 Qa8+ $16) 80... Qd5+ 81. Ke7 (81. Qd6 Qb7+ 82. Qc7 Qd5+ 83. Ke7 Qe4+ 84. Qe5 Qb7+ 85. Kd6 Qb8+ 86. Kc6 Qa7 $18) 81... Qe4+ 82. Qe5 Qb7+ 83. Kd6 Qb8+ 84. Kc6 Qa7 $18) 78... Qe4+ 79. Kd8 {[%emt 0:00:23] White wants to mate with Qe8+.} Qxf4 80. c6 Qb8+ 81. Ke7 {[%emt 0:00:34] Threatening mate with Qe8+.} Qe5+ 82. Qe6 Qc7+ 83. Ke8 h5 84. Qd5 $2 (84. Kf8 $18 Kh7 85. Qf5+ Kh6 86. Qd7 Qf4+ 87. Ke8 Qe4+ 88. Kd8 Qh4+ 89. Kc8) 84... h4 $1 $11 {[%emt 0:00:34] The position is equal.} 85. Qh5+ Kg8 86. Qd5+ (86. Qxh4 $2 {loses.} Qxc6+ 87. Ke7 Qd5 $19) 86... Kh8 87. Kf8 Qf4+ 88. Ke7 Qc7+ 89. Kf8 Qf4+ 90. Ke7 Qc7+ 91. Ke6 h3 92. Qd7 Qb6 93. Qe8+ Kh7 {[%emt 0:00:01] ...Qb5 would now be deadly.} 94. Qh5+ Kg8 95. Qd5 {[%emt 0:01:07] aiming for Kd7+.} Qc7 96. Qd7 Qb6 97. Qe8+ Kh7 98. Qh5+ Kg8 99. Qe8+ Kh7 {[%emt 0:00:16] Blacks defense is rewarded with a draw.   Weighted Error Value: White=0.32/Black=0.38.  Loses game:     	---       	Black=4      Missed win:     	White=5     	---        Mistake:       	White=6     	Black=6      Inaccurate:     	White=3     	Black=8      OK:         	White=24    	Black=25     Best:        	White=7     	Black=10     Strong:       	White=1     	Black=3} 1/2-1/2

[Event "Cairns Cup 2024"]
[Site "Saint Louis"]
[Date "2024.06.16"]
[Round "4.4"]
[White "Dronavalli, Harika"]
[Black "Krush, Irina"]
[Result "1/2-1/2"]
[ECO "B33"]
[WhiteElo "2489"]
[BlackElo "2415"]
[Annotator "TA"]
[PlyCount "112"]
[EventDate "2024.06.13"]
[EventType "tourn"]
[EventCountry "USA"]
[SourceTitle "playchess.com"]
[Source "ChessBase"]
[SourceQuality "1"]
[TimeControl "40/5400+30:1800+30"]

1. e4 c5 2. Nf3 Nc6 3. d4 cxd4 4. Nxd4 Nf6 5. Nc3 e5 6. Ndb5 d6 7. Bg5 a6 8. Na3 b5 9. Nd5 Be7 10. Bxf6 Bxf6 11. c3 Rb8 12. Nc2 Bg5 {[%emt 0:00:00] [#]} 13. h4 Bh6 (13... Bxh4 {might be stronger.} 14. a4 Bg5) 14. a4 O-O 15. axb5 {[%emt 0:00:00] White is slightly better.} axb5 16. g3 g6 17. Bg2 Bb7 18. Qd3 Ne7 19. Nxe7+ (19. Qxb5 $2 Bxd5 20. Qd3 Bb3 $19) 19... Qxe7 20. O-O (20. Qxb5 $2 {loses.} Bxe4 $19) 20... Rfc8 21. Nb4 (21. Qxb5 $2 {is the wrong capture.} Bxe4 $19) 21... Rc5 22. Ra5 Qd8 23. Rfa1 Bf8 24. Qd1 Ra8 25. Rxa8 Bxa8 {[%emt 0:00:02] Black is weak on the light squares} 26. Ra7 Rc7 27. Qa1 {[%emt 0:08:28] White is much more active.} (27. Ra5 $16) 27... Rxa7 $1 $11 28. Qxa7 d5 29. Nxd5 Bxd5 30. exd5 {[%emt 0:00:03][%mdl 4096] Endgame. KQB-KQB} b4 31. Qb7 Qa5 32. cxb4 Qxb4 33. Qxb4 Bxb4 {[%emt 0:00:02] KB-KB} 34. g4 Kf8 35. Be4 Ke7 36. Kf1 Kd6 37. Ke2 h6 38. Kd3 Kc5 39. h5 gxh5 40. gxh5 f5 41. Bxf5 Kxd5 42. Be4+ Kc5 43. Bh7 Be1 44. Ke3 Kd6 45. Bg8 Kc5 46. f3 Bg3 47. Kd3 Kb4 48. Ke4 Bf4 49. b3 Kc5 50. Kd3 Kb4 51. Bf7 Bg5 52. Ke4 Bf4 53. Kd3 Bg5 54. Ke4 Bf4 55. Kd3 Bg5 56. Ke4 Bf4 {[%emt 0:00:16] Weighted Error Value: White=0.10 (very precise) /Black=0.05 (flawless) .  Mistake:       	White=1     	Black=1      Inaccurate:     	White=1     	Black=1      OK:         	White=12    	Black=15     Best:        	---       	Black=2      Strong:       	---       	Black=1} 1/2-1/2

[Event "Cairns Cup 2024"]
[Site "Saint Louis"]
[Date "2024.06.16"]
[Round "4.5"]
[White "Kosteniuk, Alexandra"]
[Black "Lee, Alice"]
[Result "0-1"]
[ECO "C42"]
[WhiteElo "2501"]
[BlackElo "2368"]
[Annotator "TA"]
[PlyCount "70"]
[EventDate "2024.06.13"]
[EventType "tourn"]
[EventCountry "USA"]
[SourceTitle "playchess.com"]
[Source "ChessBase"]
[SourceQuality "1"]
[TimeControl "40/5400+30:1800+30"]

1. e4 e5 2. Nf3 Nf6 3. Nxe5 d6 4. Nf3 Nxe4 5. Nc3 Nxc3 6. dxc3 Be7 7. Bf4 O-O 8. Qd2 Nd7 9. O-O-O Nc5 10. h4 Re8 11. Ng5 {[%emt 0:00:00] Dodges Ne4} h6 {[%emt 0:00:00] [#]} 12. Bc4 $1 {[%emt 0:00:00] White has an edge.} Be6 (12... hxg5 13. hxg5 Be6 14. Rh2 $11) (12... Bxg5 13. hxg5) 13. Nxe6 Nxe6 14. Bxe6 fxe6 15. Kb1 (15. Bxh6 gxh6 16. Rh3 (16. Qxh6 Bf8 $17) 16... Kf7 (16... Bxh4 17. Rdh1 $11) 17. Qxh6 Rh8 18. Qf4+ Bf6 $17) 15... Rf8 16. Qe3 Qc8 17. Qe4 {[%emt 0:09:45][%cal Of4h6] Bxh6! would now be deadly.} Rf7 18. c4 Rb8 19. Be3 b5 20. cxb5 (20. Bxa7 Qb7 21. Qxb7 (21. Bxb8 $2 Qxe4 22. Ba7 Bf6 $19) 21... Rxb7 $15) 20... Rxb5 21. c4 (21. Bxa7 $2 c5 22. b3 Rb7 (22... Rxf2 $2 23. Rhf1 $19) 23. Bxc5 dxc5 $19) 21... Rb4 22. Qc2 c5 23. g4 (23. Bd2 $11 Rb6 (23... Rxf2 24. Rhf1 $11) 24. Bc3) 23... Qa6 $1 $15 24. b3 (24. g5 $15) 24... d5 $1 $17 25. cxd5 (25. g5 $17 {was necessary.}) 25... c4 $1 $19 26. g5 {[%emt 0:03:42] Prevents Bf6.} exd5 {[%emt 0:03:11] aiming for ...Qa4.} 27. Rh3 (27. Rd2 $17 {keeps fighting.}) 27... Qe6 $1 28. Rg3 {[%emt 0:00:02] [#]} (28. Rdh1 {was the only defense.}) 28... Bd6 $1 29. f4 Rc7 {[%emt 0:02:18] White must now prevent ...cxb3.} (29... Bxf4 30. Bxf4 cxb3 31. axb3 Rbxf4 32. gxh6 $17) 30. gxh6 $2 (30. Qd2 c3 (30... cxb3 31. Qxd5 Qxd5 32. Rxd5 $15) 31. Qc2) 30... cxb3 $1 31. Qg6 bxa2+ 32. Ka1 {[%emt 0:00:58] [#]} Be5+ $1 (32... Qxg6 33. Rxg6 Bf8 (33... Bxf4 34. Bxf4 Rxf4 35. Rxd5 $11) 34. hxg7 Rxg7 35. Rgg1 $15) 33. Kxa2 Rb2+ {[%emt 0:00:07] Black mates.} 34. Ka1 Rd2+ 35. fxe5 Qxe5+ {[%emt 0:00:03] Weighted Error Value: White=0.85/Black=0.05 (flawless) .  Mistake:       	White=6     	---        Inaccurate:     	White=3     	Black=3      OK:         	White=4     	Black=5      Best:        	---       	Black=1      Strong:       	White=1     	Black=6} 0-1